 BcadrenCrawl: Boulder Brew version 0.05.4-18-g5ee1e3cb8e (webtiles) character file.

Game seed: 15641487959575959022, levelgen mode: deterministic

66 diana the Ducker (level 3, 0/29 HPs) Minotaur Demonspawn. Began on Nov 28, 2021. Slain by an adder (2 damage) ... on level 2 of the Dungeon. The game lasted 00:01:21 (606 turns).

diana the Ducker (Minotaur Demonspawn)               Turns: 606, Time: 00:01:22

Health: 0/29       AC:  2    Str: 19    XL:     3 ^: 2
Magic:  0/4        EV: 13    Int:  9    God:
Gold:   70         SH:  0    Dex:  9    Spells: 3/4 levels left

rFire    . . .     Vision   .   a - +0 long sword
rCold    . . .     Gourm    .   (no weapon)
rNeg     . . .     Faith    .   b - +0 leather armour
rCorr    . . .     Spirit   +   (helmet restricted)
rPois    .         Reflect  .   (no cloak)
rElec    .         Harm     .   e - +1 pair of gloves
MR       .....                  i - +0 pair of boots
Stlth    +.........             (no amulet)
HPRegen  0.19/turn              (no ring)
MPRegen  0.14/turn              (no ring)

@: corroded
A: horns, retaliatory headbutt 2, magic shield
a: no special abilities


You were on level 2 of the Dungeon.
You were not hungry.

You visited 1 branch of the dungeon, and saw 2 of its levels.

You collected 70 gold pieces.

Inventory:

Weapons
 a - a +0 long sword (weapon)
Armour
 b - a +0 leather armour (worn)
 e - a +1 pair of gloves (worn)
 i - a +0 pair of boots (worn)
Jewellery
 f - a cursed ring of protection from magic {(Curse: rC-)}
Scrolls
 g - 2 scrolls of enchantment
 h - a scroll of bless item
Potions
 c - 2 potions of heal wounds
Comestibles
 d - 2 rations


   Skills:
 + Level 2.3 Fighting
 + Level 3.2 Long Blades
 + Level 1.7 Armour
 + Level 3.8 Dodging
 - Level 1.5 Stealth
 - Level 1.0 Spellcasting
 - Level 1.3 Fire Magic
   Level 2.6 Invocations


You had 3 spell levels left.
You knew the following spells:

 Your Spells              Type           Power        Failure   Level  Hunger
a - Flame Tongue          Fire           2 (30)       22%         1    31-51

Your spell library contained the following spells:

 Spells                   Type           Power        Failure   Level  Hunger
 Slow Hex 0 (100) 36% 1 31-51 Blink Tloc N/A 52% 2 71-111 Call Imp Summ 0 (100) 52% 2 71-111 Conjure Flame Fire 2 (100) 56% 3 111-171 Mephitic Cloud Pois/Air       0 (100)      75%         3    111-171


Dungeon Overview and Level Annotations

Branches:
Dungeon (2/8)

Altars:


Innate Abilities, Weirdness & Mutations

You reflexively attack those that strike you in melee with your horns.
When hurt, damage is shared between your health and your magic reserves.


Message History

g - 2 scrolls of enchantment (gained 1)
There is a stone staircase leading up here.
You enter the shallow water.
Moving in this stuff is going to be slow.
A jelly comes into view.
An adder comes into view.
The jelly quivers.
The jelly hits you (3). The acid corrodes you!
You are splashed with acid (6).
You hit the jelly (3).
Your hands burn (3).
You hit the jelly (1). Your headbutt misses the jelly.
The jelly is moderately wounded. (12/16) HP The adder bites you but does no damage.
The jelly hits you (1).
You are splashed with acid (9)!
The adder bites you (1).
* * * LOW HITPOINT WARNING * * *
The jelly hits you (1).
* * * LOW HITPOINT WARNING * * *
You are splashed with acid (7)!
* * * LOW HITPOINT WARNING * * *
The adder bites you (2).
You die...

#################### #
######## ≈.≈.≈#.≈.≈#####
#......###.≈.##@SJ......
#.≈≈≈≈..#≈.###.≈#≈...≈≈≈
#.≈≈≈≈..<......###...≈≈≈
#≈≈≈≈≈≈#≈.#....#≈###.≈≈≈
#≈≈≈≈≈≈≈#####....≈≈# ≈≈≈
#≈≈≈≈≈)# #..b#≈.≈.≈≈≈
#>≈≈≈≈≈≈ ##### .#.. ≈
[≈≈≈≈≈≈≈# ≈. ≈#≈≈≈...#


PP You could see a jelly and a submerged adder.

Vanquished Creatures
  A giant cockroach (D:1)
  2 cinder newts (D:1)
  An ooze (D:1)
  2 dart slugs (D:1)
  3 leopard geckos (D:1)
  2 ball pythons (D:1)
  A goblin (D:1)
  7 hobgoblins (D:1)
  2 kobolds (D:1)
  4 bats (D:1)
  3 rats (D:1)
28 creatures vanquished.

Vanquished Creatures (others)
  2 withered plants (D:2)
2 creatures vanquished.

Grand Total: 30 creatures vanquished

Notes
Turn   | Place    | Note
-------+----------+-------------------------------------------
     0 | D:1      | diana the Minotaur Demonspawn began the quest for the Orb.
     0 | D:1      | Reached XP level 1. HP: 16/16 MP: 1/1
    56 | D:1      | Gained mutation: When hurt, damage is shared between your
                  | health and your magic reserves. [demonic ancestry]
    56 | D:1      | Reached XP level 2. HP: 11/23 MP: 3/3
   141 | D:1      | Reached skill level 1 in Armour
   198 | D:1      | Reached XP level 3. HP: 18/29 MP: 4/4
   606 | D:2      | Slain by an adder

Levels and vault maps discovered:
D:1:      ebering_trefoil_3fold, layout_rooms, chequers_serial_rivers_micro_a
D:2:      layout_sewer, sewer_frog_pond

Skill      XL: |  1  2 |
---------------+-------+-----
Armour         | 1 |  1.7
Fighting       | 2 |  2.3
Long Blades    | 3 |  3.2
Dodging        | |  3.8
Stealth        | |  1.5
Spellcasting   | |  1.0
Fire Magic     | |  1.3
Invocations    | |  2.6

Action                   || total
-------------------------++-------
Melee: Long sword        ||    63
       Unarmed           ||    48
       Headbutt          ||     6
 Stab: Distracted        ||     1
Armor: Leather armour    ||    27
Dodge: Dodged            ||    13
       Rpst.: Long sword ||     4
